 Dungeon Crawl Stone Soup version 0.19.1 (webtiles) character file.

227 mmcf the Insei (level 6, -6/47 HPs)
             Began as a Merfolk Transmuter on Dec 1, 2016.
             Mangled by a killer bee (7 damage)
             ... on level 3 of the Dungeon on Dec 2, 2016.
             The game lasted 00:09:09 (5506 turns).

mmcf the Insei (Merfolk Transmuter)                 Turns: 5506, Time: 00:09:11

Health: -6/47      AC:  4    Str: 10    XL:     6   Next: 2%
Magic:  7/9        EV: 14    Int: 14    God:
Gold:   141        SH:  0    Dex: 13    Spells: 2 memorised, 6 levels left

rFire  . . .     SeeInvis .       - Unarmed
rCold  . . .     Gourm    .     b - +0 robe
rNeg   . . .     Faith    .     (no shield)
rPois  .         Spirit   .     (no helmet)
rElec  .         Reflect  .     (no cloak)
rCorr  .         Harm     .     (no gloves)
MR     .....                    (no boots)
Stlth  +.........               (no amulet)
                                (no ring)
                                (no ring)

@: lethally poisoned (-6 -> -32)
A: change form in water, swift swim, stealthy swim, molten scales 1, blink,
clumsy 1
a: Blink


You were on level 3 of the Dungeon.
You were very hungry.

You visited 1 branch of the dungeon, and saw 4 of its levels.

You collected 141 gold pieces.

Inventory:

Hand Weapons
 a - a +0 hunting sling
 A - a +0 spear
Missiles
 y - 51 stones (quivered)
 z - 8 arrows
Armour
 b - a +0 robe (worn)
 t - a +0 ring mail
Jewellery
 n - an uncursed amulet of the gourmand {unknown}
 u - an uncursed ring of protection from magic {unknown}
Scrolls
 f - 2 scrolls of recharging {unknown}
 j - 2 scrolls of random uselessness {unknown}
 k - a scroll of noise {unknown}
 l - a scroll of fear {unknown}
 m - a scroll of magic mapping {unknown}
 o - a scroll of amnesia {unknown}
 q - 2 scrolls of remove curse {unknown}
 v - 2 scrolls of identify {unknown}
 w - 2 scrolls of enchant weapon {unknown}
Potions
 e - a potion of invisibility {unknown}
 h - a potion of berserk rage {unknown}
 i - a potion of heal wounds {unknown}
 p - a potion of might {unknown}
 r - a potion of mutation
 s - 3 potions of brilliance {unknown}
 B - a potion of lignification {unknown}
Books
 c - a book of Changes

   Spells                             Type                      Level
   a - Beastly Appendage              Transmutation                1
   b - Sticks to Snakes               Transmutation                2
   c - Spider Form                    Transmutation/Poison         3
   d - Ice Form                       Ice/Transmutation            4
   e - Blade Hands                    Transmutation                5
Comestibles
 d - 2 bread rations
 g - 2 meat rations


   Skills:
 + Level 3.0 Fighting
 + Level 4.5 Dodging
 - Level 5.0 Unarmed Combat
 - Level 2.0 Spellcasting
 - Level 4.0 Transmutations


You had 6 spell levels left.
You knew the following spells:

 Your Spells              Type           Power        Failure   Level  Hunger
a - Beastly Appendage     Tmut           ##....       4%          1    ##.....
b - Sticks to Snakes      Tmut           ##......     10%         2    ###....


Dungeon Overview and Level Annotations

Branches:
Dungeon (4/15)
 Temple: D:4-7

Altars:


Innate Abilities, Weirdness & Mutations

You revert to your normal form in water.
You are very nimble and swift while swimming.
You are very stealthy in the water. (Stealth+)
You are partially covered in molten scales. (AC +2)
You can translocate small distances at will.
You are clumsy. (Dex -2)


Message History

You feel sick. The killer bee stings you.
* * * LOW HITPOINT WARNING * * *
You are more poisoned.
The killer bee poisons you!
You swap places.
* * * LOW HITPOINT WARNING * * *
You feel sick.
The killer bee barely misses your ball python.
Your ball python barely misses the killer bee.
Your ball python misses the killer bee.
The killer bee stings your ball python.
Your ball python is poisoned.
The killer bee poisons your ball python!
It was a potion of mutation.
You feel extremely strange.
You feel clumsy.
You feel jittery.
Molten scales grow over part of your body.
* * * LOW HITPOINT WARNING * * *
You feel very sick.
Your ball python dies!
The killer bee stings you!
You die...

###...)...# ....#..####
######.# .#####.# #
.).....#### .##
###.......##### ....
######......).. .....
..........########.....#
#######.>###..yy@..#
##.....####### #....##
#....#..##
#...###..#######
......#>.........
######.#..........
#............
###..........


You could see 2 killer bees.

Vanquished Creatures
  A centaur skeleton (D:2)
  An iguana (D:2)
  6 gnolls
  3 adders (D:2)
  3 worms
  2 dart slugs (D:1)
  A leopard gecko (D:2)
  3 orcs
  A ball python (D:2)
  6 bats
  4 giant cockroaches
  10 goblins
  3 hobgoblins (D:1)
  3 jackals (D:1)
  A quokka (D:2)
  5 frilled lizards
  7 kobolds
  11 rats
71 creatures vanquished.

Vanquished Creatures (collateral kills)
  A gnoll (D:3)
1 creature vanquished.

Grand Total: 72 creatures vanquished

Notes
Turn   | Place    | Note
-------+----------+-------------------------------------------
     0 | D:1      | mmcf the Merfolk Transmuter began the quest for the Orb.
     0 | D:1      | Reached XP level 1. HP: 15/15 MP: 3/3
   167 | D:1      | Reached XP level 2. HP: 15/21 MP: 5/5
   244 | D:1      | Learned a level 2 spell: Sticks to Snakes
   538 | D:1      | Reached skill level 4 in Unarmed Combat
  1050 | D:1      | Reached XP level 3. HP: 21/26 MP: 6/6
  2347 | D:2      | Reached XP level 4. HP: 18/32 MP: 7/7
  2620 | D:3      | Reached skill level 5 in Unarmed Combat
  3594 | D:2      | Reached XP level 5. HP: 38/38 MP: 6/8
  5019 | D:3      | Reached XP level 6. HP: 13/47 MP: 9/9
  5506 | D:3      | Gained mutation: You are clumsy. (Dex -2) [potion of mutation]
  5506 | D:3      | Gained mutation: You can translocate small distances at will. [potion of mutation]
  5506 | D:3      | Gained mutation: You are partially covered in molten scales. (AC +2) [potion of mutation]
  5506 | D:3      | HP: 1/47 [poisoned by a killer bee]
  5506 | D:3      | Mangled by a killer bee

Skill      XL: |  1  2  3  4  5 |
---------------+----------------+-----
Transmutations | 3 4 |  4.0
Unarmed Combat | 4 5 |  5.0
Dodging        | 3 4 |  4.5
Fighting       | 3 |  3.0
Spellcasting   | |  2.0

Action                   |  1- 3 |  4- 6 || total
-------------------------+-------+-------++-------
Melee: Unarmed           |   124 |   133 ||   257
       Headbutt          |     2 |    15 ||    17
       Punch             |       |     4 ||     4
 Cast: Beastly Appendage |     8 |    13 ||    21
       Sticks to Snakes  |       |     4 ||     4
  Use: Potion            |       |     1 ||     1
 Stab: Sleeping          |     3 |       ||     3
  Eat: Chunk             |     4 |     8 ||    12
       Royal jelly       |       |     1 ||     1
Armor: Robe              |    17 |     6 ||    23
Dodge: Dodged            |    81 |    77 ||   158
